 Dungeon Crawl Stone Soup version 0.30-a0-511-g0d9051e15b (webtiles) character file.

Game seed: 13756136036733966311

40143 Bnni the Marksant (level 14, -5/109 HPs)
             Began as a Formicid Hexslinger on Dec 23, 2022.
             Was the Champion of Okawaru.
             Killed from afar by Azrael (36 damage)
             ... with damnation
             ... on level 14 of the Dungeon.
             The game lasted 00:47:43 (16367 turns).

Bnni the Marksant (Formicid Hexslinger)            Turns: 16367, Time: 00:47:43

Health: -5/109     AC: 11    Str: 14    XL:     14   Next: 43%
Magic:  6/24       EV: 11    Int: 17    God:    Okawaru [******]
Gold:   544        SH:  5    Dex: 16    Spells: 11/27 levels left

rFire   + + .      SeeInvis +    o - +10 shortbow "Mumed" {elec, rF- rC+ SInv}
rCold   + . .      Faith    +    n - +0 buckler
rNeg    . . .      Spirit   .    r - +1 leather armour "Degh" {rF++}
rPois   +          Reflect  .    (helmet unavailable)
rElec   .          Harm     .    E - +2 cloak {Stlth+}
rCorr   .          Rampage  .    m - +0 pair of gloves
Will    +....                    v - +1 pair of boots {Fly}
Stlth   ++........               j - amulet of faith
HPRegen 0.38/turn                R - ring of protection from fire
MPRegen 0.19/turn                i - ring of poison resistance

@: flying, very slightly contaminated
A: permanent stasis, dig shafts and tunnels, antennae 3, four strong arms
a: Dig, Shaft Self, Renounce Religion, Heroism, Finesse, Duel


You were on level 14 of the Dungeon.
You worshipped Okawaru.
Okawaru was exalted by your worship.
You visited 2 branches of the dungeon, and saw 15 of its levels.
You also visited: Bailey.

You collected 982 gold pieces.
You spent 438 gold pieces at shops.

Inventory:

Hand Weapons
 o - the +10 shortbow "Mumed" (weapon) {elec, rF- rC+ SInv}
   (You bought it in a shop on level 5 of the Dungeon)

   Any ammunition fired from it occasionally discharges a powerful burst of
   electricity upon striking a foe.
   rF:        It makes you vulnerable to fire.
   rC:        It protects you from cold.
   SInv:      It lets you see invisible.
 B - the +12 pair of quick blades "Gyre" and "Gimble" {protect}
   (You found it on level 7 of the Dungeon)

   It grants its wielder temporary protection when it strikes (+7 to AC).
 M - a +5 dire flail of holy wrath
 P - a +0 arbalest
Missiles
 g - 5 throwing nets
 T - a curare-tipped dart
Armour
 m - a +0 pair of gloves (worn)
 n - a +0 buckler (worn)
 r - the +1 leather armour "Degh" (worn) {rF++}
   (You found it on level 3 of the Dungeon)

   rF:        It greatly protects you from fire.
 v - a +1 pair of boots of flying (worn)
 E - a +2 cloak of stealth (worn)
Jewellery
 i - a ring of poison resistance (right hand)
 j - an amulet of faith (around neck)
 J - a ring of fire
 R - a ring of protection from fire (left hand)
Wands
 t - a wand of digging (11)
 y - a wand of mindburst (10)
 K - a wand of light (4)
 L - a wand of flame (7)
 O - a wand of roots (8)
 Q - a wand of polymorph (5)
Scrolls
 a - 7 scrolls of enchant armour
 b - 4 scrolls of poison
 c - 2 scrolls of butterflies {unknown}
 f - 3 scrolls of vulnerability {unknown}
 h - 6 scrolls of amnesia {unknown}
 w - a scroll of magic mapping
 x - 2 scrolls of noise {unknown}
 z - a scroll of immolation
 D - 2 scrolls of fear {unknown}
 F - 9 scrolls of enchant weapon
 S - a scroll of blinking {unknown}
Potions
 d - 3 potions of heal wounds
 e - 3 potions of haste {unknown}
 k - a potion of brilliance
 l - 5 potions of attraction
 p - a potion of berserk rage {unknown}
 q - 13 potions of curing
 u - 3 potions of lignification {unknown}
 A - 4 potions of mutation {unknown}
 C - 4 potions of might {unknown}
 G - 2 potions of magic {unknown}
 H - a potion of cancellation {unknown}
 I - a potion of invisibility
 N - a potion of degeneration {unknown}


   Skills:
 + Level 9.7 Fighting
 * Level 15.3 Ranged Weapons
 - Level 4.0 Armour
 - Level 1.7 Dodging
 - Level 5.0 Shields
 - Level 7.0 Spellcasting
 + Level 11.6 Hexes
 - Level 2.0 Translocations
 - Level 2.0 Fire Magic
 + Level 3.1 Ice Magic
 * Level 10.7 Invocations


You had 11 spell levels left.
You knew the following spells:

 Your Spells              Type           Power      Damage    Failure   Level
a - Slow                  Hex            100%       N/A       1%          1
b - Inner Flame           Hex/Fire       29%        N/A       3%          3
c - Portal Projectile     Hex/Tloc       58%        N/A       3%          3
d - Cause Fear            Hex            22%        N/A       1%          4
e - Metabolic Englaciati  Hex/Ice        15%        N/A       24%         5

Your spell library contained the following spells:

 Spells                   Type           Power      Damage    Failure   Level
 Ozocubu's Armour         Ice            16%        N/A       14%         3
 Sandblast                Erth           10%        2d5       17%         1
 Momentum Strike          Conj/Tloc      18%        3d8       17%         2
 Lesser Beckoning         Tloc           24%        N/A       22%         3
 Passwall                 Tmut/Erth      4%         N/A       26%         2
 Static Discharge         Conj/Air       10%        2-3/arc   26%         2
 Vhi's Electric Charge    Tloc/Air       18%        N/A       34%         3
 Stone Arrow              Conj/Erth      10%        3d7       45%         3
 Arcjolt                  Conj/Air       2%         1d12      99%         5
 Lightning Bolt           Conj/Air       2%         1d14      99%         5
 Dragon Form              Tmut           2%         N/A       100%        7
 Blink                    Tloc           Unusable   N/A       N/A         2
 Simulacrum               Ice/Necr       Unusable   N/A       N/A         6
 Dragon's Call            Summ           Unusable   N/A       N/A         9

Dungeon Overview and Level Annotations

Branches:
Dungeon (14/15)            Temple (1/1) D:6            Lair (0/5) D:8
    Orc (0/2) D:10         Bailey (visited)
 Vaults: D:13-14

Altars:
Ashenzari
Kikubaaqudgha
Nemelex Xobeh
Okawaru
Sif Muna
Trog
Wu Jian
The Shining One

Shops:
D:1 =   D:5 ([[

Annotations:
D:14 Azrael


Innate Abilities, Weirdness & Mutations

You cannot be hasted, slowed, berserked, paralysed or teleported.
You can dig through walls and to a lower floor.
You have a pair of large antennae on your head. (SInv)
Your four strong arms can wield two-handed weapons with a shield.


Message History

You are too injured to fight recklessly!
You are too injured to fight recklessly!
Fire: o) +10 shortbow "Mumed" {elec, rF- rC+ SInv}
Press: ? - help, Shift-Dir - straight line, f/p - fire elemental
Aim: a fire elemental (almost destroyed, slow, 72% to hit)
You shoot an arrow. The arrow hits the fire elemental.
The fire elemental is almost destroyed.
Azrael whirls about in circles.
Unknown command.
Fire: o) +10 shortbow "Mumed" {elec, rF- rC+ SInv}
Press: ? - help, Shift-Dir - straight line, f/p - fire elemental
Aim: a fire elemental (almost destroyed, slow, 72% to hit)
You shoot an arrow. The arrow hits the fire elemental!
You destroy the fire elemental!
Okawaru accepts your kill.
Unknown command.
Fire: o) +10 shortbow "Mumed" {elec, rF- rC+ SInv}
Press: ? - help, Shift-Dir - straight line, f - cyclops
Aim: a cyclops, quivering large rocks (almost dead, 91% to hit)
You shoot an arrow. The arrow hits the cyclops!
You kill the cyclops!
Okawaru accepts your kill.
Unknown command.
Fire: o) +10 shortbow "Mumed" {elec, rF- rC+ SInv}
Press: ? - help, Shift-Dir - straight line, f - Azrael
Aim: Azrael, wielding a +0 scimitar of flaming (lightly wounded, 87% to hit)
You shoot an arrow. The arrow hits Azrael.
Azrael is lightly wounded.
Azrael gestures at you.
The sphere of damnation explodes!
The damnation engulfs you!!
* * * LOW HITPOINT WARNING * * *
Unknown command.
Casting: Metabolic Englaciation (dangerous; 24% risk of failure)
Confirm with . or Enter, or press ? or * to list all spells.
Casting: Metabolic Englaciation (dangerous; 24% risk of failure)
Press: ? - help, Dir - look around, f - activate You radiate an aura of cold.
Azrael seems to slow down.
Azrael gestures at you.
The sphere of damnation explodes!
The damnation engulfs you!!!
You die...

.#...[. ....... .......
.... [.. ....... ...
.... ......R ... ..#
.......○ #.###..###
.....(†########......##.
#@.............##.
####....####......##.
........##........###
............##........
.............##........
#...........###........
#.........###..(..#.###
..........# #.....#.##.
.......## #.....#.##.


You could see Azrael (slow).

Vanquished Creatures
  The ghost of WienerDreamer the Fighter, a journeyman HOFi of Ru (D:11)
  2 centaur warriors (D:13)
  Harold (D:11)
  2 boulder beetles (D:13)
  7 two-headed ogres
  5 slime creatures (D:13)
  Amaemon (D:11)
  A fire crab (D:8)
  Lodul (D:10)
  The ghost of crabbyslav the Ruffian, a novice OgTm of Makhleb (D:7)
  An orc knight (Bailey)
  A manticore (D:13)
  An ugly thing (D:13)
  3 cyclopes
  2 gargoyles (D:12)
  An orange demon (D:11)
  4 kobold demonologists
  4 unseen horrors
  A komodo dragon (shapeshifter) (D:13)
  2 komodo dragons
  The ghost of Titania the Digger, a novice GrEE (D:4)
  2 trolls (D:13)
  A queen bee (shapeshifter) (D:13)
  2 hornets
  Grinder (D:3)
  2 shadows (D:11)
  A wyvern (D:11)
  A spriggan (D:7)
  2 vampires
  2 wraiths
  23 yaks
  Grum (D:5)
  2 basilisks
  2 fire elementals (D:14)
  11 vampire mosquitoes
  2 steam dragons
  Menkaure (D:4)
  An acid dragon (D:8)
  2 hell hounds (D:14)
  2 water moccasins
  A black bear (shapeshifter) (D:13)
  An ice beast (D:7)
  A sky beast (D:7)
  20 orc warriors
  6 ogres
  8 centaurs
  A phantom (D:6)
  A wolf (D:5)
  5 kobold brigands
  2 gnoll sergeants
  7 bullfrogs
  2 scorpions
  13 wights
  8 killer bees
  2 howler monkeys
  A jelly (D:7)
  6 hounds
  A gnoll bouda (D:9)
  8 orc priests
  Natasha (D:2)
  3 iguanas
  8 orc wizards
  25 gnolls
  10 adders
  2 shadow imps (D:8)
  2 white imps
  3 ufetubi
  2 worms (D:2)
  A dart slug (D:5)
  57 orcs
  4 bats
  3 endoplasms
  5 giant cockroaches
  3 goblins (D:1)
  5 hobgoblins
  2 jackals (D:5)
  3 quokkas
  7 ball pythons
  37 kobolds
  9 kobold skeletons (D:8)
  9 kobold zombies (D:8)
  5 rats
404 creatures vanquished.

Vanquished Creatures (others)
  An ogre (D:10)
  2 plants (D:12)
3 creatures vanquished.

Grand Total: 407 creatures vanquished

Notes
Turn   | Place    | Note
-------+----------+-------------------------------------------
     0 | D:1      | Bnni the Formicid Hexslinger began the quest for the Orb.
     0 | D:1      | Reached XP level 1. HP: 15/15 MP: 2/2
   231 | D:1      | Reached XP level 2. HP: 21/21 MP: 3/3
   278 | D:1      | Found Nitaech's Jewellery Shop.
   440 | D:1      | You fall into a shaft and drop 1 floor!
   871 | D:2      | Reached XP level 3. HP: 26/26 MP: 3/5
   937 | D:2      | Found a faded altar of an unknown god.
  1160 | D:2      | Noticed Natasha
  1308 | D:2      | Reached XP level 4. HP: 33/33 MP: 6/6
  1312 | D:2      | Learned a level 3 spell: Inner Flame
  1501 | D:2      | Reached skill level 3 in Ranged Weapons
  1627 | D:2      | Reached XP level 5. HP: 27/38 MP: 4/8
  1769 | D:2      | Killed Natasha
  2049 | D:3      | Learned a level 4 spell: Cause Fear
  2082 | D:3      | Noticed Grinder
  2121 | D:3      | Killed Grinder
  2122 | D:3      | Reached skill level 4 in Ranged Weapons
  2122 | D:3      | Reached skill level 5 in Hexes
  2122 | D:3      | Reached skill level 1 in Fire Magic
  2122 | D:3      | Reached XP level 6. HP: 7/46 MP: 7/9
  2365 | D:3      | Identified the +1 leather armour "Degh" {rF++}
  2477 | D:3      | Identified the +2 whip "Eseuzxap" {freeze, rC+ Str+3}
  2552 | D:3      | Found an ornate altar of the Wu Jian Council.
  2818 | D:4      | Reached XP level 7. HP: 31/51 MP: 6/11
  2939 | D:4      | Noticed Menkaure
  2943 | D:4      | Killed Menkaure
  3424 | D:4      | Found a large runed translucent door.
  3424 | D:4      | Found a large runed translucent door.
  3427 | D:4      | Noticed Titania's ghost (novice GrEE)
  4212 | D:5      | Entered Level 5 of the Dungeon
  4212 | D:5      | Found Zutiedd's Armour Boutique.
  4241 | D:5      | Reached XP level 8. HP: 58/58 MP: 8/12
  4272 | D:5      | Found Ukoibbiy's Armour Shop.
  4310 | D:5      | Reached skill level 5 in Ranged Weapons
  4526 | D:5      | Bought a +1 pair of boots of flying for 214 gold pieces
  4645 | D:5      | Learned a level 3 spell: Portal Projectile
  4743 | D:5      | Found Anneles's Antique Weapon Shop.
  5352 | D:5      | Reached skill level 1 in Translocations
  5492 | D:5      | Noticed Grum
  5498 | D:5      | Killed Grum
  5808 | D:6      | Noticed a yak
  5808 | D:6      | Noticed a yak
  5808 | D:6      | Noticed a yak
  5824 | D:6      | Noticed a yak
  5824 | D:6      | Noticed a yak
  5825 | D:6      | Noticed a yak
  5825 | D:6      | Killed a yak
  5825 | D:6      | Killed a yak
  5826 | D:6      | Reached skill level 6 in Ranged Weapons
  5826 | D:6      | Reached XP level 9. HP: 51/66 MP: 9/15
  5851 | D:6      | Reached skill level 5 in Fighting
  6060 | D:6      | Reached skill level 7 in Ranged Weapons
  6193 | D:6      | Found a staircase to the Ecumenical Temple.
  6219 | Temple   | Entered the Ecumenical Temple
  6312 | Temple   | Became a worshipper of Warmaster Okawaru
  6798 | D:6      | Reached skill level 1 in Armour
  6842 | D:6      | Noticed a hornet
  6851 | D:6      | Killed a hornet
  6851 | D:6      | Reached * piety under Okawaru
  6852 | D:6      | Reached skill level 5 in Spellcasting
  6852 | D:6      | Reached XP level 10. HP: 8/74 MP: 13/17
  7589 | D:7      | Reached skill level 1 in Invocations
  7945 | D:7      | Reached skill level 8 in Ranged Weapons
  7962 | D:7      | Noticed a two-headed ogre
  8178 | D:7      | Killed a two-headed ogre
  8178 | D:7      | Reached ** piety under Okawaru
  8179 | D:7      | Reached skill level 10 in Hexes
  8257 | D:7      | Found a bloodstained altar of Trog.
  8288 | D:7      | Found Niwkag's General Store.
  8358 | D:7      | Found a runed translucent gate.
  8359 | D:7      | Found a runed translucent gate.
  8359 | D:7      | Noticed crabbyslav's ghost (novice OgTm)
  8360 | D:7      | Found a runed translucent gate.
  8361 | D:7      | Identified the +0 plate armour of Feytt {rPois Will+}
  8361 | D:7      | Noticed a two-headed ogre
  8399 | D:7      | Killed a two-headed ogre
  8399 | D:7      | Reached *** piety under Okawaru
  8776 | D:5      | Bought a crude shortbow for 224 gold pieces
  8776 | D:5      | Identified the +10 shortbow "Mumed" {elec, rF- rC+ SInv}
                  | (You bought it in a shop on level 5 of the Dungeon)
  9343 | D:4      | Killed Titania's ghost
  9344 | D:4      | Reached skill level 1 in Shields
  9525 | D:7      | Found the +12 pair of quick blades "Gyre" and "Gimble"
                  | {protect}
  9767 | D:7      | Reached XP level 11. HP: 71/83 MP: 9/20
  9771 | D:7      | Killed crabbyslav's ghost
  9771 | D:7      | Reached **** piety under Okawaru
  9772 | D:7      | Reached skill level 9 in Ranged Weapons
  9903 | D:8      | Noticed a two-headed ogre
  9906 | D:8      | Killed a two-headed ogre
 10535 | D:8      | Found an ancient bone altar of Kikubaaqudgha.
 10593 | D:8      | Noticed a fire crab
 10601 | D:8      | Killed a fire crab
 10774 | D:8      | Found a staircase to the Lair.
 10784 | D:8      | Reached skill level 5 in Shields
 11015 | D:9      | Found a flagged portal.
 11031 | Bailey   | Entered a bailey
 11038 | Bailey   | Reached ***** piety under Okawaru
 11163 | Bailey   | Reached skill level 13 in Ranged Weapons
 11163 | Bailey   | Reached XP level 12. HP: 91/91 MP: 22/22
 11441 | D:9      | Reached skill level 5 in Invocations
 11485 | D:9      | Identified the +7 scale mail of Bad Feelings {Str+3}
                  | (Okawaru gifted it to you on level 9 of the Dungeon)
 11485 | D:9      | Received a gift from Okawaru
 11590 | D:9      | Reached XP level 13. HP: 98/98 MP: 23/23
 12253 | D:10     | Entered Level 10 of the Dungeon
 12262 | D:10     | Noticed Lodul
 12274 | D:10     | Killed Lodul
 12761 | D:10     | Reached skill level 14 in Ranged Weapons
 13201 | D:10     | Found a staircase to the Orcish Mines.
 13411 | D:11     | Noticed Harold
 13419 | D:11     | Killed Harold
 13436 | D:11     | Identified the +9 battleaxe of Oozing Pus {pain, rElec
                  | rPois Int+8 Dex-4} (Okawaru gifted it to you on level 11 of
                  | the Dungeon)
 13436 | D:11     | Received a gift from Okawaru
 13485 | D:11     | Noticed Amaemon
 13497 | D:11     | Killed Amaemon
 13716 | D:11     | Identified the +3 dagger of Zin's Scorn {freeze, SInv}
 14036 | D:11     | Found a runed translucent door.
 14037 | D:11     | Identified the +1 robe of Gabualiopp {rC+ Str+4 Dex+5}
 14038 | D:11     | Noticed WienerDreamer's ghost (journeyman HOFi)
 14096 | D:11     | Killed WienerDreamer's ghost
 14237 | D:12     | Reached ****** piety under Okawaru
 14237 | D:12     | Received a gift from Okawaru
 14294 | D:12     | Learned a level 5 spell: Metabolic Englaciation
 14347 | D:12     | Received a gift from Okawaru
 14651 | D:12     | Reached skill level 1 in Ice Magic
 14821 | D:12     | Found a glowing golden altar of the Shining One.
 15115 | D:13     | Reached XP level 14. HP: 104/108 MP: 16/24
 15321 | D:13     | Reached skill level 10 in Invocations
 15326 | D:13     | Identified the +2 ring mail "Wikumusm" {rElec Regen+ Int-4}
                  | (Okawaru gifted it to you on level 13 of the Dungeon)
 15326 | D:13     | Received a gift from Okawaru
 15591 | D:13     | Reached skill level 15 in Ranged Weapons
 16344 | D:14     | Noticed Azrael
 16367 | D:14     | Killed from afar by Azrael

Illustrated notes

Levels and vault maps discovered:
D:1:      matt_arrival_spirals, layout_loops_ring, serial_shops, shop,
          serial_rivers, chequers_serial_rivers_room_b,
          chequers_serial_rivers_micro_c, chequers_serial_rivers_small_a,
          chequers_serial_rivers_marsh, roderic_nine_men_s_morris,
          nrook_campfire
D:2:      layout_loops_ring, hellmonk_ecumenical_altar_leap_of_faith,
          uniq_natasha
D:3:      minmay_general_purpose_star, layout_rooms,
          mainiacjoe_overflow_boulevard, uniq_grinder
D:4:      layout_loops_ring, ebering_ghost_disaster_area,
          kennysheep_minor_cross, uniq_menkaure
D:5:      layout_cave_pods, serial_gnoll_camp, grums_kennel,
          gnoll_camp_mini_doghouse, gnoll_camp_mini_shop, gnoll_camp_mini_shop,
          serial_shops, shop
D:6:      layout_basic, temple_green
D:7:      layout_basic, mainiacjoe_overflow_alcove_1,
          biasface_ghost_orc_armoury, serial_shops,
          nicolae_shop_advertising_works [nicolae_subvault_shop_adworks],
          hellmonk_guarded_unrand_gyre_and_gimble
D:8:      wander_kiku_kobolds, layout_loops_cross, minmay_lair_entry_lava
D:9:      layout_loops_ring, enter_bailey_2
D:10:     layout_loops_ring, erik_orc_2, uniq_lodul
D:11:     layout_loops_ring, ebering_ghost_reflecting_pool, uniq_harold,
          uniq_amaemon
D:12:     layout_irregular_city, tso_oasis_becter
D:13:     minmay_clustersquares, layout_small_grid, moated_statue,
          minmay_fountain_box
D:14:     layout_basic, ximxim_vaults_locker_room, grunt_dithmenos_shadows,
          grunt_ministairs_15, nicolae_elevator_lobby_plus, uniq_azrael
Temple:   mainiacjoe_temple_cubbyholes

Skill      XL: |  1  2  3  4  5  6  7  8  9 10 11 12 13 14 |
---------------+-------------------------------------------+-----
Hexes          | 4 5 6 8 9 10 11 | 11.6
Ranged Weapons | 3 4 6 7 8 13 14 15 | 15.3
Fighting       | 2 3 4 5 6 7 9 |  9.7
Spellcasting   | 2 3 4 5 6 7 |  7.0
Fire Magic     | 1 2 |  2.0
Translocations | 2 |  2.0
Armour         | 1 3 4 |  4.0
Invocations    | 3 4 5 9 10 | 10.7
Shields        | 1 5 |  5.0
Ice Magic      | 1 3 |  3.1
Dodging        | |  1.7

Action                   |  1- 3 |  4- 6 |  7- 9 | 10-12 | 13-15 || total
-------------------------+-------+-------+-------+-------+-------++-------
Melee: Dagger            |       |       |       |    11 |       ||    11
 Fire: Sling             |    92 |   131 |   222 |       |       ||   445
       Shortbow          |       |       |    43 |   391 |   443 ||   877
 Cast: Slow              |     3 |    20 |    21 |    17 |    10 ||    71
       Inner Flame       |       |     3 |    33 |    18 |    24 ||    78
       Portal Projectile |       |       |       |     4 |     2 ||     6
       Metabolic Englaci |       |       |       |       |     2 ||     2
 Abil: Dig               |     1 |       |       |       |       ||     1
  Use: Scroll            |       |     5 |       |     1 |     2 ||     8
       Potion            |       |       |       |     7 |       ||     7
 Stab: Invisible         |       |       |       |     1 |       ||     1
Armor: Robe              |     8 |    12 |       |       |       ||    20
       Leather armour    |       |     3 |    44 |    64 |    35 ||   146
Dodge: Dodged            |    24 |    32 |    99 |   170 |    48 ||   373
Block: Buckler           |       |       |       |    28 |    27 ||    55

Table legend: (Time is in decaauts)
 A = Elapsed time spent in this place.
 B = Non-inter-level travel time spent in this place.
 C = Inter-level travel time spent in this place.
 D = Time resting spent in this place.
 E = Time spent auto-exploring this place.
 F = Levels seen in this place.
 G = Mean time per level.
                   A        B        C        D        E       F      G
               +--------+--------+--------+--------+--------+-----+--------+
         Total |  16423 |  15166 |   1257 |   2333 |   9785 |  16 | 1026.4 |
       Dungeon |  15924 |  14725 |   1199 |   2183 |   9629 |  14 | 1137.4 |
        Temple |    142 |     84 |     58 |      0 |     82 |   1 |  142.0 |
        Bailey |    356 |    356 |      0 |    150 |     74 |   1 |  356.0 |
               +--------+--------+--------+--------+--------+-----+--------+

Top non-repeatable levels by time:
     D:7: 1870 daAuts
     D:4: 1762 daAuts
     D:6: 1651 daAuts
     D:5: 1590 daAuts
    D:13: 1175 daAuts
     D:2: 1115 daAuts
     D:8: 1035 daAuts
    D:11: 988 daAuts
     D:3: 982 daAuts
    D:10: 961 daAuts
     D:1: 948 daAuts
     D:9: 924 daAuts
    D:12: 799 daAuts
  Bailey: 356 daAuts
  Temple: 142 daAuts
